Unix NetHack Version 5.0.0-0 post-release - last build Jun 10 2026 00:39:30 (3ee93aec679c4c4259841fe613dc97188e26a321,branch:main).

Game began 2026-06-21 20:18:43, ended 2026-06-22 21:35:55.

JPB01, neutral male gnomish Wizard

                          ----------
                          +........|
                          |......@..
                          |..$..f..|
                          ----------

JPB01 the Evoker          St:10 Dx:14 Co:13 In:19 Wi:9 Ch:10  Neutral
Dlvl:1  $:0  HP:0(11) Pw:7(7) AC:9  Xp:1 T:2  Conf

Latest messages:
 Shall I pick character's race, role, gender and alignment for you? [ynaq] n
 Reroll this character? [yn] (n) n
 [Thoth has chosen you to recover the Amulet of Yendor for Him.]
 Hello JPB01, welcome to NetHack!  You are a neutral male gnomish Wizard.
 Really save? [yn] (n) y
 Saving...
 Restoring save file...
 Hello JPB01, the gnomish Wizard, welcome back to NetHack!
 What do you want to drink? [fgh or ?*] ?
 Huh, What?  Where am I?
 What do you want to read? [ijklm or ?*] ?
 As you read the scroll, it disappears.
 Being confused, you mispronounce the magic words...
 Wiped out all wizards.
 Do you want your possessions identified? [ynq] (y) q

Inventory:
 Weapons  (')')
  a - a blessed +1 quarterstaff (weapon in hands)
 Armor    ('[')
  b - an uncursed +0 cloak of magic resistance (being worn)
 Scrolls  ('?')
  i - an uncursed scroll of magic mapping
  j - an uncursed scroll of teleportation
 Spellbooks  ('+')
  m - an uncursed spellbook of detect monsters
  l - a blessed spellbook of force bolt
 Potions  ('!')
  f - an uncursed potion of polymorph
  g - an uncursed potion of speed
 Rings    ('=')
  d - an uncursed ring of poison resistance
  e - an uncursed ring of shock resistance
 Wands    ('/')
  c - a wand of digging (0:5)
 Tools    ('(')
  n - a magic marker (0:21)

JPB01 the Wizard's attributes:

Background:
 You were an Evoker, a level 1 male gnomish Wizard.
 You were neutral, on a mission for Thoth
 who was opposed by Ptah (lawful) and Anhur (chaotic).
 You were right-handed.
 You were in the Dungeons of Doom, on level 1.
 You entered the dungeon 2 turns ago.
 You had 0 experience points, 20 were needed to attain level 2.

Basics:
 You had 0 out of 11 hit points.
 You had all 7 energy points (spell power).
 Your armor class was 9.
 Your wallet was empty.
 Autopickup was off.

Final Characteristics:
 Your strength was 10 (limit:18/50).
 Your dexterity was 14 (limit:18).
 Your constitution was 13 (limit:18).
 Your intelligence was 19 (limit:19).
 Your wisdom was 9 (limit:18).
 Your charisma was 10 (limit:18).

Final Status:
 You were confused.
 You weren't hungry.
 You were unencumbered.
 You were wielding a quarterstaff.
 You had basic skill with quarterstaff.

Final Attributes:
 You were nominally aligned.
 You were magic-protected.
 You had infravision.
 You were warded.
 You are dead.

Miscellaneous:
 You disabled loading and storing of bones levels.
 Total elapsed playing time was 5 seconds.

Major events:
 Turn
    1: JPB01 the neutral male gnomish Wizard entered the dungeon
    2: performed his first genocide (wizards)
    2: killed by genocidal confusion

Spells:
 Name                 Level Category     Fail Retention
 force bolt             1   attack         0%  91%-100%
 detect monsters        1   divination     0%  76%-100%

Skills:
 Fighting Skills
   bare handed combat [Unskilled]
   riding             [Unskilled]
 Weapon Skills
   dagger             [Unskilled]
   knife              [Unskilled]
   axe                [Unskilled]
   short sword        [Unskilled]
   club               [Unskilled]
   mace               [Unskilled]
   quarterstaff       [Basic]
   polearms           [Unskilled]
   spear              [Unskilled]
   trident            [Unskilled]
   sling              [Unskilled]
   dart               [Unskilled]
   shuriken           [Unskilled]
 Spellcasting Skills
   attack spells      [Basic]
   healing spells     [Unskilled]
   divination spells  [Unskilled]
   enchantment spells [Basic]
   clerical spells    [Unskilled]
   escape spells      [Unskilled]
   matter spells      [Unskilled]

Voluntary challenges:
 Your character was rerolled 5 times.
 You went without food.
 You were an atheist.
 You never hit with a wielded weapon.
 You were a pacifist.
 You genocided 1 type of monster.
 You never polymorphed an object.
 You never changed form.
 You used no wishes.

 The Dungeons of Doom:
    Level 1: <- You were here.
       Final resting place for
          you, killed by genocidal confusion.


No creatures were vanquished.

Genocided species:
 wizards
1 species genocided.

Game over:
                       ----------
                      /          \
                     /    REST    \
                    /      IN      \
                   /     PEACE      \
                  /                  \
                  |      JPB01       |
                  |       0 Au       |
                  |    killed by     |
                  |    genocidal     |
                  |    confusion     |
                  |                  |
                  |       2026       |
                 *|     *  *  *      | *
        _________)/\\_//(\/(/\)/\//\/|_)_______

Goodbye JPB01 the Wizard...

You were genocided in The Dungeons of Doom on dungeon level 1 with 0 points,
and 0 pieces of gold, after 2 moves.
You were level 1 with a maximum of 11 hit points when you were genocided.

